 Dungeon Crawl Stone Soup version 0.29.1-1-gd02db6906a (webtiles) character file.

Game seed: 3151871167249907315

107 whatisthis the Trooper (level 4, 0/41 HPs)
             Began as a Hill Orc Fighter on Oct 15, 2022.
             Slain by a gnoll bouda
             ... wielding a +4 dagger
              (3 damage)
             ... on level 3 of the Dungeon.
             The game lasted 00:12:39 (2653 turns).

whatisthis the Trooper (Hill Orc Fighter)           Turns: 2653, Time: 00:12:39

Health: 0/41       AC:  8    Str: 20    XL:     4   Next: 86%
Magic:  4/4        EV:  9    Int:  8    God:
Gold:   196        SH:  4    Dex: 10    Spells: 3/3 levels left

rFire   . . .      SeeInvis .   a - +0 war axe
rCold   + + .      Faith    .   c - +0 buckler
rNeg    . . .      Spirit   .   b - +0 scale mail
rPois   .          Reflect  .   (no helmet)
rElec   .          Harm     .   (no cloak)
rCorr   .          Rampage  .   o - +0 pair of gloves
Will    .....                   (no boots)
Stlth   ..........              (no amulet)
HPRegen 0.13/turn               s - ring of protection from cold
MPRegen 0.09/turn               t - ring of protection from cold

@: mighty, brilliant, weakened, hasted, very quick
A: no striking features
a: no special abilities


You were on level 3 of the Dungeon.
You visited 1 branch of the dungeon, and saw 3 of its levels.

You collected 196 gold pieces.

Inventory:

Hand Weapons
 a - a +0 war axe (weapon)
Missiles
 e - 18 stones (quivered)
 v - a throwing net
Armour
 b - a +0 scale mail (worn)
 c - a +0 buckler (worn)
 o - a +0 pair of gloves (worn)
Jewellery
 s - a ring of protection from cold (left hand)
 t - a ring of protection from cold (right hand)
Scrolls
 g - a scroll of brand weapon {unknown}
 i - a scroll of enchant armour {unknown}
 j - 2 scrolls of immolation {unknown}
 n - 5 scrolls of identify {unknown}
 p - 4 scrolls of poison {unknown}
 q - 2 scrolls of blinking {unknown}
 r - a scroll of noise {unknown}
Potions
 f - a potion of haste
 h - a potion of attraction {unknown}
 k - a potion of mutation {unknown}
 l - 2 potions of brilliance
 m - 2 potions of degeneration {unknown}
 u - a potion of curing {unknown}


   Skills:
 + Level 4.5 Fighting
 + Level 4.0 Axes
 + Level 4.1 Armour
 + Level 4.1 Shields


You had 3 spell levels left.
You didn't know any spells.
Your spell library contained the following spells:

 Spells                   Type           Power      Damage    Failure   Level
 Sting                    Tmut/Pois      0%         1d3       85%         1
 Poisonous Vapours        Pois/Air       0%         N/A       94%         2
 Dazzling Flash           Conj/Hex       0%         N/A       99%         3
 Iskenderun's Mystic Bla  Conj/Tloc      0%         2d3       100%        4
 Olgreb's Toxic Radiance  Pois           0%         N/A       100%        4
 Starburst                Conj/Fire      0%         6d3       100%        6


Dungeon Overview and Level Annotations

Branches:
Dungeon (3/15)

Altars:
Elyvilon
Okawaru
Vehumet
Wu Jian


Message History

You hit the bush but do no damage. x2; You block the gnoll bouda's attack.
You hit the gnoll bouda.
The gnoll bouda is heavily wounded.
You hit the bush but do no damage. x2; The gnoll is no longer moving quickly.
The gnoll bouda barks out a call to the hunt!
The gnoll picks up the pace!
You barely miss the gnoll bouda.
The gnoll bouda is heavily wounded.
You hit the bush but do no damage. x2; The gnoll is no longer moving quickly.
The gnoll bouda gazes fiercely through you!
You feel as though you will be weak longer.
The gnoll bouda hits you but does no damage.
The gnoll bouda hits you with a +4 dagger!
You feel very mighty all of a sudden.
The gnoll bouda gazes fiercely through you!
You feel as though you will be weak longer.
The gnoll bouda hits you with a +4 dagger.
You closely miss the gnoll bouda.
The gnoll bouda is heavily wounded.
You hit the bush. You hit the bush but do no damage.
The gnoll bouda barks out a call to the hunt!
The gnoll picks up the pace!
You barely miss the gnoll bouda.
The gnoll bouda is heavily wounded.
You slash the bush! You hit the bush but do no damage.
The gnoll bouda gazes fiercely through you!
You feel as though you will be weak longer.
The gnoll bouda hits you with a +4 dagger!
* * * LOW HITPOINT WARNING * * *
It was a potion of brilliance.
You feel clever all of a sudden.
The gnoll bouda gazes fiercely through you!
You feel as though you will be weak longer.
The gnoll bouda hits you with a +4 dagger.
* * * LOW HITPOINT WARNING * * *
The gnoll bouda attacks as you move away!
The gnoll bouda closely misses you.
It was a potion of haste.
You feel yourself speed up.
The gnoll bouda hits you with a +4 dagger.
You die...

#............####...)..###
#.######~≈.P♣♣♣P.~≈.##..#. #.#
#≈~...P...≈~.###... #.#
#.P.♣♣.♣♣.P..# ###. #.#
#..♣♣P).♣♣.P.# #. #....#
#♣.♣P...P♣.♣.# #. #.####
♣P..._...P♣.# #. . ..
#♣.♣....P♣.♣.# #. ...g
#P@♣♣P..♣♣.P.# #.
....o##########gPP♣♣.♣♣P...# #.
.........ggg.go≈~.......~≈## ##
......#########≈~.P♣♣♣..~~######
g.... ##.........).....# g...
##..........###># ...
######.....# #†# .. ##...## #.#
# ##.## #.#


You could see a gnoll bouda, a gnoll (swift) and an orc.

Vanquished Creatures
  A gnoll (D:3)
  4 adders
  A worm (D:2)
  A dart slug (D:3)
  8 ball pythons
  6 endoplasms
  6 goblins
  4 hobgoblins
  2 jackals (D:3)
  2 quokkas
  3 bats
  6 frilled lizards
  7 kobolds
  5 rats
56 creatures vanquished.

Vanquished Creatures (others)
  A butterfly (D:3)
  27 plants
28 creatures vanquished.

Grand Total: 84 creatures vanquished

Notes
Turn   | Place    | Note
-------+----------+-------------------------------------------
     0 | D:1      | whatisthis the Hill Orc Fighter began the quest for the
                  | Orb.
     0 | D:1      | Reached XP level 1. HP: 19/19 MP: 1/1
   109 | D:1      | Reached XP level 2. HP: 24/27 MP: 2/2
   433 | D:1      | Found a faded altar of an unknown god.
   881 | D:2      | Reached XP level 3. HP: 30/33 MP: 3/3
  1700 | D:3      | Found an iron altar of Okawaru.
  1768 | D:3      | Reached XP level 4. HP: 40/40 MP: 4/4
  1907 | D:3      | Found an ornate altar of the Wu Jian Council.
  2148 | D:3      | Found a white marble altar of Elyvilon.
  2489 | D:3      | Found a radiant altar of Vehumet.
  2653 | D:3      | Slain by a gnoll bouda

Illustrated notes

Levels and vault maps discovered:
D:1:      wander_arrival_chamber, layout_loops_ring,
          chequers_ecumenical_altar_simple_redux, bh_walls_and_bars
D:2:      kennysheep_big_flooded_room, layout_basic, chequers_big_river,
          amcnicky_mini_pool_small
D:3:      layout_loops_ring, kennysheep_okawaru_gauntlet,
          nicolae_vehumet_altar_sigil, lemuel_crystal_altar,
          nicolae_elyvilon_peaceful_grove, nicolae_grassy_gnolls

Skill      XL: |  1  2  3  4 |
---------------+-------------+-----
Axes           | 3 4 |  4.0
Fighting       | 4 |  4.5
Shields        | 4 |  4.1
Armour         | 4 |  4.1

Action                   |  1- 3 |  4- 6 || total
-------------------------+-------+-------++-------
Melee: War axe           |   106 |    74 ||   180
Throw: Stone             |     4 |     4 ||     8
  Use: Potion            |       |     3 ||     3
Armor: Scale mail        |    44 |    37 ||    81
Dodge: Dodged            |    37 |    50 ||    87
Block: Buckler           |    20 |    11 ||    31
